 Dungeon Crawl Stone Soup version 0.22-a0-580-gd5db89c (webtiles) character file.

83864 magipi the Fighter (level 15, -14/120 HPs)
             Began as a Gnoll Abyssal Knight on July 3, 2018.
             Was a High Priest of Lugonu.
             Demolished by a golden dragon simulacrum (33 damage)
             ... in an ice cave.
             The game lasted 02:29:17 (32075 turns).

magipi the Fighter (Gnoll Abyssal Knight)          Turns: 32075, Time: 02:29:18

Health: -14/120    AC: 29    Str: 19    XL:     15   Next: 78%
Magic:  12/29      EV: 14    Int: 24    God:    Lugonu [*****.]
Gold:   297        SH:  0    Dex: 17    Spells: 20/34 levels left

rFire    + . .     SeeInvis +   a - +7 great sword (elec)
rCold    . . .     Gourm    .   (shield currently unavailable)
rNeg     . . .     Faith    .   Q - +3 shadow dragon scales of Inviolability {rElec Regen+ Str+3 Int+4 Stlth++++}
rPois    +         Spirit   .   K - +1 helmet
rElec    +         Reflect  .   A - +2 cloak {rPois}
rCorr    .         Harm     .   T - +1 pair of gloves of the Game of Life {*Contam +Blink rPois}
MR       +....                  D - +1 pair of boots
Stlth    ++++++....             (no amulet)
HPRegen  0.70/turn              i - ring of Gaesiyl {Dex+3 SInv}
MPRegen  0.21/turn              f - ring of protection from fire

@: very slightly contaminated
A: distributed training, fangs 1, strong nose
a: Depart the Abyss, Bend Space, Banish, Corrupt, Enter the Abyss, Renounce
Religion, Evoke Blink


You were in an ice cave.
You worshipped Lugonu.
Lugonu was extremely pleased with you.
You were not hungry.

You visited 4 branches of the dungeon, and saw 24 of its levels.
You visited the Abyss 1 time.
You also visited: Labyrinth and Ice Cave.

You collected 2414 gold pieces.
You spent 2117 gold pieces at shops.

Inventory:

Hand Weapons
 a - a +7 great sword of electrocution (weapon)
   (You took it off a wight on level 10 of the Dungeon)
 b - the +11 dagger of Sudden Death {antimagic, rPois MR+ Str+4 Int-4}
   (You found it on level 7 of the Dungeon)

   It reduces the magical energy of the wielder, and disrupts the spells and
   magical abilities of those hit.
   Natural abilities and divine invocations are not affected.
   It affects your strength (+4).
   It affects your intelligence (-4).
   It protects you from poison.
   It affects your resistance to hostile enchantments.
 w - a +0 scimitar of flaming
   (You took it off Azrael on level 1 of the Spider Nest)
Missiles
 p - 3 throwing nets
 y - 15 javelins (quivered)
Armour
 A - a +2 cloak of poison resistance (worn)
   (You bought it in a shop on level 2 of the Orcish Mines)
 D - a +1 pair of boots (worn)
   (You found it on level 11 of the Dungeon)
 E - the +2 ring mail of Makhleb's Reproof {rCorr MP+9 Str+5}
   (You found it in a labyrinth)

   It affects your strength (+5).
   It affects your magic capacity (+9).
   It protects you from acid and corrosion.
 K - a +1 helmet (worn)
   (You took it off Robin on level 2 of the Dungeon)
 Q - the +3 shadow dragon scales of Inviolability (worn) {rElec Regen+ Str+3 Int+4 Stlth++++}
   (You acquired it on level 4 of the Lair of Beasts)

   It affects your strength (+3).
   It affects your intelligence (+4).
   It insulates you from electricity.
   It increases your rate of regeneration.
   It makes you much more stealthy.
 T - the +1 pair of gloves of the Game of Life (worn) {*Contam +Blink rPois}
   (You found it on level 6 of the Lair of Beasts)

   It protects you from poison.
   It lets you blink.
   It causes magical contamination when unequipped.
Jewellery
 c - an uncursed ring of protection from cold
   (You found it on level 7 of the Dungeon)
 f - a ring of protection from fire (right hand)
   (You found it on level 10 of the Dungeon)
 i - the ring of Gaesiyl (left hand) {Dex+3 SInv}
   (You found it on level 15 of the Dungeon)

   [ring of see invisible]

   It affects your dexterity (+3).
   It lets you see invisible.
 m - an uncursed ring of protection from magic
   (You bought it in a shop on level 4 of the Dungeon)
Wands
 d - a wand of digging (6)
   (You found it on level 14 of the Dungeon)
 t - a wand of iceblast (12)
   (You found it on level 4 of the Lair of Beasts)
 u - a wand of polymorph (36)
   (You found it on level 6 of the Dungeon)
 C - a wand of enslavement (21)
   (You found it on level 7 of the Dungeon)
 L - a wand of paralysis (42)
   (You found it in a labyrinth)
 X - a wand of scattershot (2)
   (You found it on level 6 of the Lair of Beasts)
Scrolls
 e - a scroll of remove curse
 j - 3 scrolls of identify
 k - 2 scrolls of noise
 s - 7 scrolls of fog
 F - 2 scrolls of magic mapping
 I - a scroll of enchant armour
 J - 7 scrolls of teleportation
 N - a scroll of amnesia
 Y - a scroll of summoning
Potions
 g - a potion of invisibility
 h - a potion of berserk rage
 l - 5 potions of cancellation
 n - 3 potions of brilliance
 o - a potion of mutation
 q - a potion of might
 r - 3 potions of magic
 v - 3 potions of flight
 z - 6 potions of curing
 B - 2 potions of agility
 H - 2 potions of ambrosia
 P - a potion of haste
 R - 4 potions of resistance
Miscellaneous
 M - a phantom mirror
 W - a lamp of fire
   (You found it on level 6 of the Lair of Beasts)
Comestibles
 x - 38 rations


   Skills:
 + Level 11.8 Fighting
 + Level 10.1 Short Blades
 + Level 11.0 Long Blades
 + Level 10.1 Axes
 + Level 10.1 Maces & Flails
 + Level 10.1 Polearms
 + Level 10.1 Staves
 + Level 10.1 Slings
 + Level 10.1 Bows
 + Level 10.1 Crossbows
 + Level 10.1 Throwing
 + Level 11.0 Armour
 + Level 10.4 Dodging
 + Level 10.1 Stealth
 + Level 10.1 Shields
 + Level 10.1 Unarmed Combat
 + Level 10.1 Spellcasting
 + Level 8.5 Conjurations
 + Level 8.5 Hexes
 + Level 8.5 Charms
 + Level 8.5 Summonings
 + Level 8.5 Necromancy
 + Level 8.5 Translocations
 + Level 8.5 Transmutations
 + Level 8.5 Fire Magic
 + Level 8.5 Ice Magic
 + Level 8.5 Air Magic
 + Level 8.5 Earth Magic
 + Level 8.5 Poison Magic
 + Level 11.8 Invocations
 + Level 10.1 Evocations


You had 20 spell levels left.
You knew the following spells:

 Your Spells              Type           Power        Failure   Level  Hunger
a - Apportation           Tloc           ######       1%          1    None
d - Animate Dead          Necr           N/A          11%         4    #......
e - Animate Skeleton      Necr           N/A          1%          1    None
i - Summon Ice Beast      Ice/Summ       ######..     11%         4    #......
y - Sticky Flame          Conj/Fire      ######..     11%         4    #......

Your spell library contained the following spells:

 Spells                   Type           Power        Failure   Level  Hunger
 Fireball                 Conj/Fire      ######....   30%         5    ####...
 Conjure Flame            Conj/Fire      ######..     3%          3    None
 Lightning Bolt           Conj/Air       ######....   30%         5    ####...
 Throw Flame              Conj/Fire      ######       1%          2    None
 Summon Small Mammal      Summ           ####         1%          1    None
 Shock                    Conj/Air       ####         1%          1    None
 Swiftness                Chrm/Air       ######..     1%          2    None
 Recall                   Summ/Tloc      N/A          3%          3    None
 Death Channel            Necr           ######....   86%         6    ######.
 Airstrike                Air            ######....   11%         4    #......
 Confusing Touch          Hex            ######       1%          1    None
 Flame Tongue             Conj/Fire      #####        1%          1    None
 Call Canine Familiar     Summ           ######..     3%          3    None
 Summon Butterflies       Summ           ######..     1%          1    None
 Static Discharge         Conj/Air       ######..     3%          3    None
 Simulacrum               Ice/Necr       ######....   86%         6    ######.
 Summon Hydra             Summ           ######....   100%        7    #######
 Inner Flame              Hex/Fire       ######..     3%          3    None
 Summon Mana Viper        Hex/Summ       ######..     30%         5    ####...
 Borgnjor's Vile Clutch   Necr/Erth      ######....   30%         5    ####...


Dungeon Overview and Level Annotations

Branches:
Dungeon (15/15)            Temple (0/1) D:5            Lair (6/6) D:11
 Shoals (0/4) Lair:3       Spider (1/4) Lair:2        Slime (0/5) Lair:6
    Orc (2/2) D:11            Elf (0/3) Orc:2        Vaults (0/5) D:14
 Depths (0/5) D:15

Altars:
Dithmenos
Elyvilon
Fedhas
Gozag
Makhleb
Qazlal
Ru
Trog
Wu Jian
Zin
Jiyva

Shops:
D:4 =   D:7 :   D:8 *   Orc:2 [!(%*

Portals:
Trove: D:13 (show slimy rune of Zot)

Annotations:
D:10 1 runed door, Nib's ghost, journeyman NaVM
D:13 Erolcha
Lair:1 1 runed door, Gomp's ghost, journeyman OpFi
Lair:2 3 runed doors, Buarolus's ghost, journeyman DEFE; Cuyts's ghost, journeyman DsGl; Enish's ghost, journeyman NaAM
Lair:4 3 runed doors, Snorg; Zadusov's ghost, journeyman NaWz


Innate Abilities, Weirdness & Mutations

Your experience applies equally to all skills.
You have very sharp teeth.
Your uncanny sense of smell can sniff out nearby items.


Message History

Aim: a golden dragon simulacrum The sticky flame hits the golden dragon simulacrum.
The golden dragon simulacrum appears unharmed.
The golden dragon simulacrum is covered in liquid flames!
The golden dragon simulacrum burns!
Unknown command.
The golden dragon simulacrum burns!
The golden dragon simulacrum burns!
You hit the golden dragon simulacrum but do no damage.
You bite the golden dragon simulacrum, but do no damage.
The golden dragon simulacrum is moderately damaged.
The golden dragon simulacrum burns!
The golden dragon simulacrum bites you but does no damage.
The golden dragon simulacrum misses you.
The golden dragon simulacrum tramples you but does no damage.
The golden dragon simulacrum burns!
The golden dragon simulacrum stops burning.
Casting: Sticky Flame (safe; 11% risk of failure)
Confirm with . or Enter, or press ? or * to list all spells.
You don't have enough magic to cast that spell.
Unknown command.
Unknown command.
The harpy simulacrum claws you! The harpy simulacrum freezes you!
The harpy simulacrum claws you but does no damage. x2
The harpy simulacrum claws you. The harpy simulacrum freezes you!
Unknown command.
The harpy simulacrum barely misses you. The harpy simulacrum misses you.
Unknown command.
Casting: Sticky Flame (safe; 11% risk of failure)
Confirm with . or Enter, or press ? or * to list all spells.
Aiming: Sticky Flame (safe; 11% risk of failure)
Press: ? - help, Shift-Dir - straight line, f - harpy simulacrum, p - golden dragon simulacrum
Aim: a harpy simulacrum You miscast Sticky Flame.
You are very lightly contaminated with residual magic.
Flames sear your flesh.
The harpy simulacrum claws you but does no damage.
The harpy simulacrum claws you. The harpy simulacrum freezes you!
The harpy simulacrum claws you. The harpy simulacrum freezes you!
* * * LOW HITPOINT WARNING * * *
The harpy simulacrum barely misses you.
Unknown command.
The harpy simulacrum misses you.
The harpy simulacrum closely misses you.
The harpy simulacrum claws you but does no damage. x2
Unknown command.
You hit the harpy simulacrum. You bite the harpy simulacrum.
The harpy simulacrum is heavily damaged.
The harpy simulacrum claws you but does no damage. x4
The harpy simulacrum claws you.
* * * LOW HITPOINT WARNING * * *
The harpy simulacrum freezes you!
* * * LOW HITPOINT WARNING * * *
The harpy simulacrum closely misses you.
Unknown command.
You feel much better. The harpy simulacrum claws you.
The harpy simulacrum freezes you!
* * * LOW HITPOINT WARNING * * *
The harpy simulacrum claws you but does no damage. x2
The harpy simulacrum closely misses you.
Unknown command.
Unknown command.
Magic courses through your body.
The harpy simulacrum claws you but does no damage.
The harpy simulacrum misses you.
The harpy simulacrum claws you but does no damage.
The harpy simulacrum barely misses you.
Unknown command.
Unknown command.
Casting: Sticky Flame (safe; 11% risk of failure)
Confirm with . or Enter, or press ? or * to list all spells.
Aiming: Sticky Flame (safe; 11% risk of failure)
Press: ? - help, Shift-Dir - straight line, f/p - harpy simulacrum
Aim: a harpy simulacrum (heavily damaged)
The sticky flame hits the harpy simulacrum.
The harpy simulacrum melts!
The harpy simulacrum is almost destroyed.
The harpy simulacrum is covered in liquid flames!
The harpy simulacrum burns!
The harpy simulacrum claws you but does no damage.
The harpy simulacrum closely misses you.
The harpy simulacrum claws you but does no damage.
The harpy simulacrum barely misses you. x2; You riposte.
You slash the harpy simulacrum!
The harpy simulacrum vapourises!
Lugonu accepts your kill.
Unknown command.
Casting: Sticky Flame (safe; 11% risk of failure)
Confirm with . or Enter, or press ? or * to list all spells.
Aiming: Sticky Flame (safe; 11% risk of failure)
Press: ? - help, Shift-Dir - straight line, f - golden dragon simulacrum
Aim: a golden dragon simulacrum (heavily damaged)
The sticky flame hits the golden dragon simulacrum.
The golden dragon simulacrum appears unharmed.
The golden dragon simulacrum is heavily damaged.
The golden dragon simulacrum is covered in liquid flames!
The golden dragon simulacrum burns!
The golden dragon simulacrum bites you!
* * * LOW HITPOINT WARNING * * *
The golden dragon simulacrum freezes you!!
You die...

###### ##....#######
#[#.##...##.##
.#.#####...#.## ##...#
##..#..# #...##
####..####### ...##
##..###@...### #..#
##..####Z##...### #..#
###..####§#.###...#
..#####..##.##...#.....##
### #...####.#..#######.#
# ##..# ##...###### #.§
§§§####.........# §##
#§§# ##..#...⌠...# # §§§#
#...##./...##


You could see a golden dragon simulacrum (burning).

Vanquished Creatures
  Frances (D:13)
  Gastronok (D:8)
  A ghost moth (Spider:1)
  A minotaur (Lab)
  Azrael (Spider:1)
  6 two-headed ogres
  3 catoblepae (Lair:6)
  An ogre mage (D:15)
  A tengu warrior (D:15)
  6 death yaks
  Urug (Lair:2)
  Sonja (Lair:2)
  A skeletal warrior (D:13)
  2 unseen horrors
  A wizard (D:15)
  An orc knight (D:15)
  Pikel (D:7)
  8 ugly things (D:14)
  2 wolf spiders (Spider:1)
  2 deep elf magi (D:15)
  2 orb spiders (Spider:1)
  2 orc sorcerers
  3 cyclopes
  4 elephants
  A moth of wrath (Spider:1)
  2 black mambas (Lair:6)
  7 centaur zombies
  2 guardian serpents (D:15)
  2 ice statues (Spider:1)
  A gargoyle (D:13)
  7 spiny frogs
  3 freezing wraiths
  A tengu conjurer (D:15)
  3 demonic crawlers (Spider:1)
  An ice devil (IceCv)
  5 jumping spiders
  3 komodo dragons
  A queen bee (D:12)
  5 trolls
  Prince Ribbit (D:6)
  A merfolk (D:11)
  3 slime creatures (D:15)
  A polar bear (Lair:3)
  3 meliai (D:12)
  A blink frog (D:11)
  6 hippogriffs
  A tarantella (shapeshifter) (D:15)
  2 tarantellas (Spider:1)
  5 redbacks
  4 basilisks
  A dire elephant simulacrum (IceCv)
  38 yaks
  2 fire elementals (Lair:2)
  3 wyverns
  2 wraiths
  A hungry ghost (D:15)
  4 vampire mosquitoes (D:14)
  3 steam dragons (D:11)
  A warg (Orc:1)
  2 harpy simulacra (IceCv)
  2 acid dragons
  9 water moccasins
  2 hell hounds
  30 orc warriors
  5 sky beasts
  A hydra simulacrum (IceCv)
  A hornet zombie (D:11)
  An ice beast (D:15)
  8 porcupines
  2 black bears
  8 phantoms
  7 wolves
  20 centaurs
  2 necrophages
  9 ogres
  8 big kobolds
  9 crocodiles
  16 bullfrogs
  A wyvern skeleton (D:9)
  15 scorpions
  A swamp dragon simulacrum (IceCv)
  36 killer bees
  11 wights
  2 electric eels
  11 howler monkeys
  5 crimson imps
  A quasit (D:8)
  A draconian simulacrum (IceCv)
  4 bullfrog zombies
  17 hounds
  11 orc priests
  6 jellies
  14 orc wizards
  2 bullfrog skeletons
  5 centaur skeletons
  15 worker ants
  2 iguanas (D:14)
  A polar bear simulacrum (IceCv)
  2 centaur simulacra (IceCv)
  2 hound zombies
  A worker ant zombie (D:6)
  Robin (D:2)
  9 adders
  14 gnolls
  An ogre simulacrum (IceCv)
  3 shadow imps
  5 white imps (IceCv)
  2 ufetubi (IceCv)
  An ooze (D:3)
  3 adder skeletons
  5 worms
  A dart slug (D:1)
  4 leopard geckos
  74 orcs
  6 bats
  5 giant cockroaches
  15 goblins
  12 hobgoblins
  13 jackals
  8 quokkas
  2 ball pythons (D:1)
  A frilled lizard (D:1)
  A jackal zombie (D:7)
  42 kobolds
  A leopard gecko zombie (D:7)
  3 quokka zombies
  4 rats
  A butterfly (Lair:5)
725 creatures vanquished.

Vanquished Creatures (collateral kills)
  Erolcha (D:13)
  Nergalle (Lair:2)
  An ugly thing (D:14)
  A deep elf mage (D:14)
  5 elephants
  2 black mambas
  A manticore (D:15)
  A spiny frog (Lair:4)
  A komodo dragon (Lair:4)
  A troll (D:15)
  A polar bear (Lair:6)
  A tarantella (Spider:1)
  10 yaks
  A basilisk (Lair:6)
  A steam dragon (D:14)
  2 water moccasins
  2 orc warriors
  An ogre (Orc:1)
  A centaur (Orc:2)
  3 crocodiles (Lair:6)
  An orc wizard (D:15)
  A worker ant (D:14)
  5 orcs
  A kobold (D:14)
  A fungus (Lair:4)
47 creatures vanquished.

Vanquished Creatures (others)
  4 hydras
  6 two-headed ogres
  A death knight (D:13)
  2 unseen horrors (D:11)
  A wizard (D:15)
  3 orc knights (Orc:2)
  A wolf spider (Spider:1)
  3 cyclopes
  5 manticores
  2 spiny frogs
  A gargoyle (D:11)
  A hornet (shapeshifter) (D:15)
  A hornet (D:10)
  3 vampires
  A tarantella (Spider:1)
  A hungry ghost (D:11)
  An orc warrior (D:13)
  An ogre (D:7)
  2 howler monkeys (D:7)
  A gnoll shaman (D:7)
  3 orc wizards
  A gnoll (D:7)
  An adder (D:6)
  4 white imps (IceCv)
  An ufetubus (IceCv)
  4 kobolds (D:14)
  7 fungi
  7 plants
  2 withered plants (Lair:2)
71 creatures vanquished.

Grand Total: 843 creatures vanquished

Notes
Turn   | Place    | Note
-------+----------+-------------------------------------------
     0 | Abyss:1  | magipi the Gnoll Abyssal Knight began the quest for the Orb.
     0 | Abyss:1  | Reached XP level 1. HP: 23/23 MP: 3/3
    26 | D:1      | Escaped the Abyss
    35 | D:1      | Reached XP level 2. HP: 29/29 MP: 5/5
   350 | D:1      | Reached XP level 3. HP: 35/35 MP: 6/6
   461 | D:1      | Reached ** piety under Lugonu
  1343 | D:2      | Reached skill level 1 in Short Blades
  1343 | D:2      | Reached skill level 1 in Axes
  1343 | D:2      | Reached skill level 1 in Maces & Flails
  1343 | D:2      | Reached skill level 1 in Polearms
  1343 | D:2      | Reached skill level 1 in Staves
  1343 | D:2      | Reached skill level 1 in Slings
  1343 | D:2      | Reached skill level 1 in Bows
  1343 | D:2      | Reached skill level 1 in Crossbows
  1343 | D:2      | Reached skill level 1 in Throwing
  1343 | D:2      | Reached skill level 1 in Stealth
  1343 | D:2      | Reached skill level 1 in Shields
  1343 | D:2      | Reached skill level 1 in Unarmed Combat
  1343 | D:2      | Reached skill level 1 in Spellcasting
  1343 | D:2      | Reached skill level 1 in Evocations
  1461 | D:2      | Noticed Robin
  1470 | D:2      | Killed Robin
  1470 | D:2      | Reached XP level 4. HP: 40/41 MP: 7/7
  1984 | D:3      | Reached skill level 1 in Conjurations
  1984 | D:3      | Reached skill level 1 in Hexes
  1984 | D:3      | Reached skill level 1 in Charms
  1984 | D:3      | Reached skill level 1 in Summonings
  1984 | D:3      | Reached skill level 1 in Necromancy
  1984 | D:3      | Reached skill level 1 in Translocations
  1984 | D:3      | Reached skill level 1 in Transmutations
  1984 | D:3      | Reached skill level 1 in Fire Magic
  1984 | D:3      | Reached skill level 1 in Ice Magic
  1984 | D:3      | Reached skill level 1 in Air Magic
  1984 | D:3      | Reached skill level 1 in Earth Magic
  1984 | D:3      | Reached skill level 1 in Poison Magic
  2286 | D:3      | Reached XP level 5. HP: 44/47 MP: 8/8
  2352 | D:3      | Noticed a two-headed ogre
  2375 | D:4      | Found Wetahan's Jewellery Boutique.
  2448 | D:4      | Reached *** piety under Lugonu
  2576 | D:4      | Noticed a phantom
  2647 | D:4      | Reached skill level 5 in Invocations
  2647 | D:4      | Reached XP level 6. HP: 51/53 MP: 9/9
  2825 | D:4      | Killed a phantom
  2825 | D:4      | Reached skill level 5 in Long Blades
  2825 | D:4      | Reached skill level 5 in Armour
  3264 | D:4      | Found a blossoming altar of Fedhas.
  3413 | D:5      | Entered Level 5 of the Dungeon
  3570 | D:5      | Reached XP level 7. HP: 53/59 MP: 10/10
  4321 | D:5      | Found a staircase to the Ecumenical Temple.
  4762 | D:6      | Noticed Prince Ribbit
  4800 | D:6      | Found a burning altar of Makhleb.
  5024 | D:6      | Reached XP level 8. HP: 63/67 MP: 12/12
  5031 | D:6      | Found a glowing silver altar of Zin.
  5649 | D:7      | Got a translucent dagger
  5971 | D:7      | Reached **** piety under Lugonu
  5989 | D:7      | Reached XP level 9. HP: 48/72 MP: 14/14
  6185 | D:7      | Found a sacrificial altar of Ru.
  6215 | D:7      | Found a shadowy altar of Dithmenos.
  6344 | D:7      | Noticed Pikel
  6394 | D:7      | Killed Pikel
  6490 | D:7      | Found Upraimah's Book Shoppe.
  6711 | D:8      | Identified the +11 dagger of Sudden Death {antimagic, rPois MR+ Str+4 Int-4} (You found it on level 7 of the Dungeon)
  6724 | D:8      | Reached skill level 5 in Dodging
  6753 | D:8      | Noticed Gastronok
  7232 | D:8      | Noticed Maurice
  7237 | D:8      | Noticed Maurice
  7237 | D:8      | Maurice changed into Maurice the acid dragon
  7257 | D:8      | Killed Maurice the acid dragon
  7395 | D:8      | Reached XP level 10. HP: 76/80 MP: 5/17
  7746 | D:8      | Killed Gastronok
  7746 | D:8      | Reached skill level 5 in Short Blades
  7746 | D:8      | Reached skill level 5 in Axes
  7746 | D:8      | Reached skill level 5 in Maces & Flails
  7746 | D:8      | Reached skill level 5 in Polearms
  7746 | D:8      | Reached skill level 5 in Staves
  7746 | D:8      | Reached skill level 5 in Slings
  7746 | D:8      | Reached skill level 5 in Bows
  7746 | D:8      | Reached skill level 5 in Crossbows
  7746 | D:8      | Reached skill level 5 in Throwing
  7746 | D:8      | Reached skill level 5 in Stealth
  7746 | D:8      | Reached skill level 5 in Shields
  7746 | D:8      | Reached skill level 5 in Unarmed Combat
  7746 | D:8      | Reached skill level 5 in Spellcasting
  7746 | D:8      | Reached skill level 5 in Evocations
  7779 | D:8      | Reached ***** piety under Lugonu
  7799 | D:8      | Found an ornate altar of the Wu Jian Council.
  7817 | D:8      | Found an opulent altar of Gozag.
  7817 | D:8      | Found Gozag's Platinum Reserve.
  8658 | D:9      | Noticed a two-headed ogre
  8787 | D:9      | Banished a two-headed ogre
  9005 | D:9      | Reached XP level 11. HP: 86/87 MP: 6/19
  9048 | D:9      | Noticed a two-headed ogre
  9070 | D:9      | Banished a two-headed ogre
  9127 | D:10     | Entered Level 10 of the Dungeon
  9255 | D:10     | Noticed Nib's ghost (journeyman NaVM)
  9258 | D:10     | Found a runed door.
  9779 | D:10     | Noticed a two-headed ogre
  9782 | D:10     | Banished a two-headed ogre
  9791 | D:10     | Paralysed by a hornet for 1 turns
  9794 | D:10     | Paralysed by a hornet for 1 turns
 10134 | D:10     | Reached skill level 5 in Conjurations
 10134 | D:10     | Reached skill level 5 in Hexes
 10134 | D:10     | Reached skill level 5 in Charms
 10134 | D:10     | Reached skill level 5 in Summonings
 10134 | D:10     | Reached skill level 5 in Necromancy
 10134 | D:10     | Reached skill level 5 in Translocations
 10134 | D:10     | Reached skill level 5 in Transmutations
 10134 | D:10     | Reached skill level 5 in Fire Magic
 10134 | D:10     | Reached skill level 5 in Ice Magic
 10134 | D:10     | Reached skill level 5 in Air Magic
 10134 | D:10     | Reached skill level 5 in Earth Magic
 10134 | D:10     | Reached skill level 5 in Poison Magic
 10709 | D:11     | Noticed a manticore
 10861 | D:11     | Banished a manticore
 11934 | D:11     | Noticed a two-headed ogre
 11945 | D:11     | Banished an unseen horror
 11948 | D:11     | Banished a two-headed ogre
 12211 | D:11     | Found a staircase to the Orcish Mines.
 12229 | D:11     | Noticed a cyclops
 12723 | D:11     | Killed an unseen horror
 12723 | D:11     | Reached XP level 12. HP: 84/96 MP: 18/22
 13217 | D:11     | Found a bloodstained altar of Trog.
 13680 | D:3      | Banished a two-headed ogre
 13811 | D:6      | Killed Prince Ribbit
 13985 | D:12     | Found a labyrinth entrance.
 14092 | Lab      | Entered a labyrinth
 14996 | Lab      | Noticed a minotaur
 15007 | Lab      | Killed a minotaur
 15036 | Lab      | Identified the +2 ring mail of Makhleb's Reproof {rCorr MP+9 Str+5} (You found it in a labyrinth)
 16339 | D:11     | Found a staircase to the Lair.
 16544 | Lair:1   | Entered Level 1 of the Lair of Beasts
 16613 | Lair:1   | Reached skill level 10 in Fighting
 16636 | Lair:1   | Found a runed door.
 16641 | Lair:1   | Noticed Gomp's ghost (journeyman OpFi)
 16643 | Lair:1   | Noticed a spriggan rider
 16736 | Lair:1   | Got a brightly glowing ring mail
 16743 | Lair:1   | Identified a scroll of acquirement
 16840 | Lair:1   | Found a stormy altar of Qazlal.
 17020 | Lair:2   | Found a hole to the Spider Nest.
 17268 | Lair:2   | Learned a level 4 spell: Sticky Flame
 17273 | Lair:2   | Learned a level 4 spell: Summon Ice Beast
 17369 | Lair:2   | Found a runed gate.
 17370 | Lair:2   | Found a runed gate.
 17371 | Lair:2   | Found a runed gate.
 17372 | Lair:2   | Noticed Enish's ghost (journeyman NaAM)
 17372 | Lair:2   | Noticed Cuyts's ghost (journeyman DsGl)
 17373 | Lair:2   | Noticed Buarolus's ghost (journeyman DEFE)
 17398 | Lair:2   | Noticed Nergalle
 17429 | Lair:2   | Killed Nergalle
 17431 | Lair:2   | Reached XP level 13. HP: 67/103 MP: 1/24
 17583 | Lair:2   | Noticed Sonja
 17741 | Lair:2   | Noticed Urug
 17744 | Lair:2   | Killed Urug
 17775 | Lair:2   | Identified the +5 ring mail of Gestures {rPois} (You found it on level 1 of the Lair of Beasts)
 17950 | Lair:2   | Killed Sonja
 18198 | Lair:3   | Found a staircase to the Shoals.
 18493 | Lair:3   | Learned a level 4 spell: Animate Dead
 18689 | D:7      | Bought a book of Cantrips for 200 gold pieces
 18691 | D:7      | Learned a level 1 spell: Apportation
 18693 | D:7      | Learned a level 1 spell: Animate Skeleton
 19297 | Lair:4   | Noticed Snorg
 19344 | Lair:4   | Reached skill level 10 in Invocations
 19349 | Lair:4   | Found a runed gate.
 19349 | Lair:4   | Found a runed gate.
 19357 | Lair:4   | Found a runed gate.
 19417 | Lair:4   | Noticed Zadusov's ghost (journeyman NaWz)
 19422 | Lair:4   | Noticed a death ooze
 19424 | Lair:4   | Found a viscous altar of Jiyva.
 19535 | Lair:4   | Got slimy shadow dragon scales
 20309 | Lair:6   | Entered Level 6 of the Lair of Beasts
 20340 | Lair:6   | Identified the +3 shadow dragon scales of Inviolability {rElec Regen+ Str+3 Int+4 Stlth++++} (You acquired it on level 4 of the Lair of Beasts)
 20591 | Lair:6   | Found a staircase to the Slime Pits.
 20602 | Lair:6   | Got a pair of dazzling gloves
 21577 | Lair:6   | Reached XP level 14. HP: 79/111 MP: 3/26
 22757 | Lair:6   | Reached skill level 10 in Long Blades
 22757 | Lair:6   | Reached skill level 10 in Armour
 23430 | Orc:1    | Entered Level 1 of the Orcish Mines
 23760 | Orc:1    | Found a burning altar of Makhleb.
 24024 | Orc:2    | Entered Level 2 of the Orcish Mines
 24038 | Orc:2    | Found Jaegang's General Store.
 26696 | Orc:2    | Found a staircase to the Elven Halls.
 26732 | Orc:2    | Bought a scroll of remove curse for 51 gold pieces
 26732 | Orc:2    | Bought a scroll of identify for 34 gold pieces
 26732 | Orc:2    | Bought a scroll of identify for 34 gold pieces
 26732 | Orc:2    | Bought a potion of haste for 170 gold pieces
 26732 | Orc:2    | Bought a scroll of summoning for 161 gold pieces
 26760 | Orc:2    | Identified the +1 pair of gloves of the Game of Life {*Contam +Blink rPois} (You found it on level 6 of the Lair of Beasts)
 27117 | Orc:2    | Found Giymidd's Antique Weapon Shoppe.
 27117 | Orc:2    | Found Lios's Distillery.
 27119 | Orc:2    | Found Delan's Antique Armour Boutique.
 27121 | Orc:2    | Found Meehet's Food Emporium.
 27129 | Orc:2    | Bought a potion of might for 60 gold pieces
 27131 | Orc:2    | Bought a runed hat for 182 gold pieces
 27131 | Orc:2    | Bought a glowing cloak for 195 gold pieces
 27168 | Orc:2    | Bought a potion of cancellation for 120 gold pieces
 27168 | Orc:2    | Bought 2 potions of magic for 240 gold pieces
 27168 | Orc:2    | Bought a potion of mutation for 120 gold pieces
 27168 | Orc:2    | Bought a potion of agility for 60 gold pieces
 27168 | Orc:2    | Bought a potion of curing for 45 gold pieces
 27168 | Orc:2    | Bought a potion of heal wounds for 75 gold pieces
 27168 | Orc:2    | Bought a potion of curing for 45 gold pieces
 27728 | D:13     | Noticed Frances
 27813 | D:13     | Noticed Erolcha
 27939 | D:13     | Killed Erolcha
 28237 | D:13     | Killed Frances
 28250 | D:13     | Found a portal to a secret trove of treasure.
 28857 | D:14     | Reached XP level 15. HP: 101/119 MP: 26/28
 29171 | D:14     | Reached skill level 10 in Dodging
 29186 | D:14     | Found a gate to the Vaults.
 29436 | D:15     | Entered Level 15 of the Dungeon
 29474 | D:15     | Found a white marble altar of Elyvilon.
 29502 | D:15     | Identified the +1 scale mail "Wacycoc" {+Blink +Inv rCorr MP-9} (You found it on level 15 of the Dungeon)
 29712 | D:15     | Identified the +6 scale mail "Nesaj" {Str+4} (You found it on level 15 of the Dungeon)
 29732 | D:15     | Got a serpentine tin ring
 29734 | D:15     | Identified the ring of Gaesiyl {Dex+3 SInv} (You found it on level 15 of the Dungeon)
 30511 | D:4      | Bought an uncursed ring of protection from magic for 325 gold pieces
 30840 | D:15     | Found a staircase to the Depths.
 31152 | Spider:1 | Entered Level 1 of the Spider Nest
 31261 | Spider:1 | Found a frozen archway.
 31319 | Spider:1 | Reached skill level 10 in Short Blades
 31319 | Spider:1 | Reached skill level 10 in Axes
 31319 | Spider:1 | Reached skill level 10 in Maces & Flails
 31319 | Spider:1 | Reached skill level 10 in Polearms
 31319 | Spider:1 | Reached skill level 10 in Staves
 31319 | Spider:1 | Reached skill level 10 in Slings
 31319 | Spider:1 | Reached skill level 10 in Bows
 31319 | Spider:1 | Reached skill level 10 in Crossbows
 31319 | Spider:1 | Reached skill level 10 in Throwing
 31319 | Spider:1 | Reached skill level 10 in Stealth
 31319 | Spider:1 | Reached skill level 10 in Shields
 31319 | Spider:1 | Reached skill level 10 in Unarmed Combat
 31319 | Spider:1 | Reached skill level 10 in Spellcasting
 31319 | Spider:1 | Reached skill level 10 in Evocations
 31352 | Spider:1 | HP: 4/120 [wolf spider (16)]
 31501 | Spider:1 | Noticed a ghost moth
 31505 | Spider:1 | Killed a ghost moth
 31540 | Spider:1 | Noticed Azrael
 31577 | Spider:1 | Killed Azrael
 31677 | IceCv    | Entered an ice cave
 32075 | IceCv    | Demolished by a golden dragon simulacrum

Vault maps used:
D:1:      roderic_octagonal_star
D:2:      tgw_xom, uniq_robin
D:3:      first_ration
D:4:      lemuel_doored_altar, serial_shops, shop
D:5:      lemuel_temple_firewalk_b, kennysheep_nub
D:6:      old_standard_altar, lightli_temple_of_fire, lemuel_flamethrower_2,
          uniq_prince_ribbit1
D:7:      kennysheep_mini, serial_shops, nicolae_shop_statue_plus,
          nicolae_ru_awakened_eye, uniq_pikel
D:8:      nicolae_gozag_zags_fifth_avenue, lemuel_crystal_altar, uniq_gastronok,
          uniq_maurice
D:10:     hellmonk_ghost_happy_afterlife
D:11:     erik_lair_island, orc_0_dummy, hangedman_fish_farm,
          minmay_ruined_shrine
D:12:     special_room, lab_entry_generic
D:13:     enter_trove_6, kennysheep_generic_room_15, uniq_erolcha, uniq_frances
D:14:     david_vaults_1, serial_bayou_pond_a
D:15:     grunt_enter_depths_magical_seal, elyvilon_altar_1,
          nrook_guardian_serpent_ordinary
Lair:1:   basic_altar, ebering_ghost_funeral_grove
Lair:2:   spider_nest_entry_rubble, gammafunk_ghost_cemetery,
          beast_lair_carwin_11, grunt_megastairs_2, lemuel_fruit_tree,
          uniq_sonja, uniq_urug, uniq_nergalle
Lair:3:   elwin_shoals_entry_rocks, grunt_forest_stairs_basic
Lair:4:   gammafunk_ghost_ooze, worms_lemuel, uniq_snorg
Lair:5:   nicolae_quartered_pool_medium, serial_bayou_shore_b,
          lemuel_fruit_fields
Lair:6:   evilmike_catoblepas_cave, slime_dummy, infiniplex_staircase_pool_2
Spider:1: spiders_nest_a, portal_ice_cave_entry_ice_statue_two, uniq_nikola,
          uniq_rupert, uniq_azrael, uniq_roxanne
Orc:1:    bloody_makhleb
Orc:2:    st_orc_rangers, serial_shops, shop
IceCv:    ice_cave_caverns_03

Skill      XL: |  1  2  3  4  5  6  7  8  9 10 11 12 13 14 15 |
---------------+----------------------------------------------+-----
Short Blades   | 1 2 3 4 5 6 7 8 9 10 | 10.1
Axes           | 1 2 3 4 5 6 7 8 9 10 | 10.1
Maces & Flails | 1 2 3 4 5 6 7 8 9 10 | 10.1
Polearms       | 1 2 3 4 5 6 7 8 9 10 | 10.1
Staves         | 1 2 3 4 5 6 7 8 9 10 | 10.1
Slings         | 1 2 3 4 5 6 7 8 9 10 | 10.1
Bows           | 1 2 3 4 5 6 7 8 9 10 | 10.1
Crossbows      | 1 2 3 4 5 6 7 8 9 10 | 10.1
Throwing       | 1 2 3 4 5 6 7 8 9 10 | 10.1
Stealth        | 1 2 3 4 5 6 7 8 9 10 | 10.1
Shields        | 1 2 3 4 5 6 7 8 9 10 | 10.1
Unarmed Combat | 1 2 3 4 5 6 7 8 9 10 | 10.1
Spellcasting   | 1 2 3 4 5 6 7 8 9 10 | 10.1
Evocations     | 1 2 3 4 5 6 7 8 9 10 | 10.1
Conjurations   | 1 2 3 4 5 6 7 8 |  8.5
Hexes          | 1 2 3 4 5 6 7 8 |  8.5
Charms         | 1 2 3 4 5 6 7 8 |  8.5
Summonings     | 1 2 3 4 5 6 7 8 |  8.5
Necromancy     | 1 2 3 4 5 6 7 8 |  8.5
Translocations | 1 2 3 4 5 6 7 8 |  8.5
Transmutations | 1 2 3 4 5 6 7 8 |  8.5
Fire Magic     | 1 2 3 4 5 6 7 8 |  8.5
Ice Magic      | 1 2 3 4 5 6 7 8 |  8.5
Air Magic      | 1 2 3 4 5 6 7 8 |  8.5
Earth Magic    | 1 2 3 4 5 6 7 8 |  8.5
Poison Magic   | 1 2 3 4 5 6 7 8 |  8.5
Dodging        | 3 4 5 6 7 8 9 10 | 10.4
Invocations    | 5 6 7 8 9 10 11 | 11.8
Long Blades    | 5 6 7 8 9 10 11 | 11.0
Armour         | 5 6 7 8 9 10 11 | 11.0
Fighting       | 7 8 9 10 11 | 11.8

Action                   |  1- 3 |  4- 6 |  7- 9 | 10-12 | 13-15 || total
-------------------------+-------+-------+-------+-------+-------++-------
Melee: Falchion          |    82 |    82 |    61 |       |       ||   225
       Bite              |    14 |    36 |    80 |    89 |   161 ||   380
       Dagger            |    12 |   204 |   509 |   279 |    52 ||  1056
       Punch             |       |     1 |     6 |    23 |    32 ||    62
       Scimitar          |       |       |       |   440 |   535 ||   975
       Great sword       |       |       |       |       |   443 ||   443
Throw: Javelin           |       |       |       |       |    19 ||    19
 Cast: Sticky Flame      |       |       |       |     3 |    52 ||    55
       Animate Skeleton  |       |       |       |       |    53 ||    53
       Summon Ice Beast  |       |       |       |       |    36 ||    36
       Animate Dead      |       |       |       |       |    33 ||    33
Invok: Banish            |       |       |     1 |    25 |    25 ||    51
Evoke: Wand              |       |       |     1 |     7 |    13 ||    21
       Box of beasts     |       |       |       |     1 |       ||     1
       Phantom mirror    |       |       |       |       |     1 ||     1
       Lamp of fire      |       |       |       |       |     1 ||     1
  Use: Scroll            |       |    12 |     4 |    14 |    22 ||    52
       Potion            |       |       |       |     4 |     6 ||    10
 Stab: Sleeping          |     1 |     1 |     1 |    12 |    18 ||    33
       Distracted        |       |       |     2 |     2 |     7 ||    11
       Paralysed         |       |       |       |       |     5 ||     5
  Eat: Chunk             |     2 |     7 |    13 |    25 |    38 ||    85
       Ration            |       |       |       |     4 |    10 ||    14
Armor: Leather armour    |    10 |       |       |       |       ||    10
       Ring mail         |     8 |    75 |    63 |    55 |   220 ||   421
       Scale mail        |       |       |   153 |   142 |       ||   295
       Acid dragon scale |       |       |       |    65 |       ||    65
       Shadow dragon sca |       |       |       |       |   495 ||   495
Dodge: Dodged            |    59 |   152 |   332 |   440 |   983 ||  1966
       Rpst.: Falchion   |    17 |    10 |     6 |       |       ||    33
       Scimitar          |       |       |       |    88 |   119 ||   207
       Great sword       |       |       |       |       |   111 ||   111

Table legend:
 A = Spawn XP
 B = Non-spawn XP
 C = Spawn XP percentage of total XP
 D = Spawn monster count
 E = Non-spawn monster count
 F = Spawn count percentage of total count
 G = Total turns spent on level
                    A         B        C        D         E        F      G
               +---------+---------+-------+---------+---------+-------+---------
         Total |       0 |  119807 |   0.0 |       0 |     812 |   0.0 | 32075
               +---------+---------+-------+---------+---------+-------+---------
           D:1 |       0 |      53 |   0.0 |       0 |      24 |   0.0 |   709
           D:2 |       0 |      62 |   0.0 |       0 |      20 |   0.0 |  1060
           D:3 |       0 |     490 |   0.0 |       0 |      23 |   0.0 |   903
           D:4 |       0 |     513 |   0.0 |       0 |      23 |   0.0 |  1344
           D:5 |       0 |     283 |   0.0 |       0 |      15 |   0.0 |  1066
           D:6 |       0 |     755 |   0.0 |       0 |      14 |   0.0 |   601
           D:7 |       0 |    1936 |   0.0 |       0 |      46 |   0.0 |  2197
           D:8 |       0 |    3955 |   0.0 |       0 |      45 |   0.0 |  1057
           D:9 |       0 |    2810 |   0.0 |       0 |      36 |   0.0 |  1398
          D:10 |       0 |    2021 |   0.0 |       0 |      38 |   0.0 |  1753
          D:11 |       0 |    9238 |   0.0 |       0 |      79 |   0.0 |  3080
          D:12 |       0 |    7565 |   0.0 |       0 |      59 |   0.0 |  1532
          D:13 |       0 |    8265 |   0.0 |       0 |      36 |   0.0 |   702
          D:14 |       0 |   10821 |   0.0 |       0 |      46 |   0.0 |  1030
          D:15 |       0 |   14563 |   0.0 |       0 |      38 |   0.0 |  1199
        Lair:1 |       0 |    1847 |   0.0 |       0 |      12 |   0.0 |   469
        Lair:2 |       0 |    4660 |   0.0 |       0 |      16 |   0.0 |  1209
        Lair:3 |       0 |    4209 |   0.0 |       0 |      18 |   0.0 |   837
        Lair:4 |       0 |    3998 |   0.0 |       0 |      21 |   0.0 |   712
        Lair:5 |       0 |    6428 |   0.0 |       0 |      21 |   0.0 |  1472
        Lair:6 |       0 |   14338 |   0.0 |       0 |      50 |   0.0 |  2006
      Spider:1 |       0 |   10326 |   0.0 |       0 |      33 |   0.0 |   456
         Orc:1 |       0 |    2936 |   0.0 |       0 |      32 |   0.0 |  2869
         Orc:2 |       0 |    4537 |   0.0 |       0 |      46 |   0.0 |   968
           Lab |       0 |    1177 |   0.0 |       0 |       1 |   0.0 |  1022
         IceCv |       0 |    2021 |   0.0 |       0 |      20 |   0.0 |   398
               +---------+---------+-------+---------+---------+-------+---------

Action                   |  1- 3 |  4- 6 |  7- 9 | 10-12 | 13-15 || total
-------------------------+-------+-------+-------+-------+-------++-------
Melee: Falchion          |    82 |    82 |    61 |       |       ||   225
       Bite              |    14 |    36 |    80 |    89 |   161 ||   380
       Dagger            |    12 |   204 |   509 |   279 |    52 ||  1056
       Punch             |       |     1 |     6 |    23 |    32 ||    62
       Scimitar          |       |       |       |   440 |   535 ||   975
       Great sword       |       |       |       |       |   443 ||   443
Throw: Javelin           |       |       |       |       |    19 ||    19
 Cast: Sticky Flame      |       |       |       |     3 |    52 ||    55
       Animate Skeleton  |       |       |       |       |    53 ||    53
       Summon Ice Beast  |       |       |       |       |    36 ||    36
       Animate Dead      |       |       |       |       |    33 ||    33
Invok: Banish            |       |       |     1 |    25 |    25 ||    51
Evoke: Wand              |       |       |     1 |     7 |    13 ||    21
       Box of beasts     |       |       |       |     1 |       ||     1
       Phantom mirror    |       |       |       |       |     1 ||     1
       Lamp of fire      |       |       |       |       |     1 ||     1
  Use: Scroll            |       |    12 |     4 |    14 |    22 ||    52
       Potion            |       |       |       |     4 |     6 ||    10
 Stab: Sleeping          |     1 |     1 |     1 |    12 |    18 ||    33
       Distracted        |       |       |     2 |     2 |     7 ||    11
       Paralysed         |       |       |       |       |     5 ||     5
  Eat: Chunk             |     2 |     7 |    13 |    25 |    38 ||    85
       Ration            |       |       |       |     4 |    10 ||    14
Armor: Leather armour    |    10 |       |       |       |       ||    10
       Ring mail         |     8 |    75 |    63 |    55 |   220 ||   421
       Scale mail        |       |       |   153 |   142 |       ||   295
       Acid dragon scale |       |       |       |    65 |       ||    65
       Shadow dragon sca |       |       |       |       |   495 ||   495
Dodge: Dodged            |    59 |   152 |   332 |   440 |   983 ||  1966
       Rpst.: Falchion   |    17 |    10 |     6 |       |       ||    33
       Scimitar          |       |       |       |    88 |   119 ||   207
       Great sword       |       |       |       |       |   111 ||   111
